 Dungeon Crawl Stone Soup version 0.21-a0-584-g185da8e (webtiles) character file.

356 mortelune the Cudgeler (level 6, -1/48 HPs)
             Began as a Demonspawn Abyssal Knight on Dec 21, 2017.
             Was a Believer of Lugonu.
             Slain by an ogre
             ... wielding a +0 giant club
              (21 damage)
             ... on level 4 of the Dungeon.
             The game lasted 00:14:50 (5077 turns).

mortelune the Cudgeler (Demonspawn Abyssal Knight)  Turns: 5077, Time: 00:14:50

Health: -1/48      AC: 12    Str: 14    XL:     6   Next: 36%
Magic:  10/10      EV:  6    Int: 13    God:    Lugonu [**....]
Gold:   193        SH:  0    Dex: 13    Spells: 5/5 levels left

rFire    . . .     SeeInvis .   m - +0 flail
rCold    . . .     Gourm    .   (no shield)
rNeg     . . .     Faith    .   k - +0 chain mail
rPois    .         Spirit   .   (helmet restricted)
rElec    .         Reflect  .   r - +0 cloak
rCorr    .         Harm     .   (no gloves)
MR       .....                  (no boots)
Stlth    ..........             (no amulet)
HPRegen  0.16/turn              (no ring)
MPRegen  0.12/turn              (no ring)

@: drained
A: horns 1, yellow scales 1, foul stench 1, high mp 1, rot immunity
a: Depart the Abyss, Bend Space, Renounce Religion


You were on level 4 of the Dungeon.
You worshipped Lugonu.
Lugonu was pleased with you.
You were very hungry.

You visited 1 branch of the dungeon, and saw 4 of its levels.
You visited the Abyss 1 time.

You collected 193 gold pieces.

Inventory:

Hand Weapons
 a - a +1 mace
 m - a +0 flail (weapon)
Armour
 b - a +0 leather armour
 e - a +0 ring mail
 k - a +0 chain mail (worn)
 r - a +0 cloak (worn)
Scrolls
 g - 3 scrolls of enchant armour
 i - 3 scrolls of identify
 j - 2 scrolls of fog {unknown}
 l - 2 scrolls of remove curse {unknown}
 n - a scroll of magic mapping {unknown}
 p - a scroll of enchant weapon {unknown}
 q - a scroll of teleportation {unknown}
Potions
 h - 2 potions of lignification {unknown}
 o - a potion of degeneration {unknown}
 s - a potion of haste {unknown}
Comestibles
 c - 5 rations


   Skills:
 + Level 4.2(3.9) Fighting
 * Level 4.2(3.9) Maces & Flails
 + Level 3.2(2.9) Armour
 - Level 0.8(0.6) Dodging
 + Level 4.1(3.9) Invocations


You had 5 spell levels left.
You didn't know any spells.

Dungeon Overview and Level Annotations

Branches:
Dungeon (4/15)
 Temple: D:4-7

Altars:
Cheibriados
Makhleb
Nemelex Xobeh
Qazlal
Uskayaw
Xom


Innate Abilities, Weirdness & Mutations

You are partially covered in yellow scales. (AC +2)
You may emit foul miasma when damaged in melee.
You are immune to rotting.
You have a pair of small horns on your head.
You have an increased reservoir of magic. (+10% MP)


Message History

The ogre is heavily wounded.
The ogre hits you with a giant club!
You barely miss the ogre.
The ogre is heavily wounded.
The ogre closely misses you.
You sock the ogre!
The ogre is severely wounded.
The ogre hits you with a giant club!
You hit the ogre but do no damage.
The ogre is severely wounded.
The ogre hits you with a giant club!!
* * * LOW HITPOINT WARNING * * *
You feel much better.
You hit the ogre.
The ogre is almost dead.
The ogre barely misses you.
Your chain mail prevents you from hitting the ogre.
The ogre is almost dead.
The ogre hits you with a giant club!!
You die...

.# ###...##
##.....#####
#............#
#.##.....###.#
# ##...## #.#
##.## #.# #.#
#.# #.#####.##
#....O@..#
#######..#
#..# #..# #..#
...# .... ##.#


You could see an ogre.

Vanquished Creatures
  A centaur (D:3)
  The ghost of anet the Conjurer, an amateur DEWz (D:3)
  An orc priest (D:3)
  A howler monkey skeleton (D:4)
  7 adders
  3 oozes
  An adder skeleton (D:4)
  4 worms
  A dart slug (D:3)
  A leopard gecko (D:1)
  2 orcs (D:3)
  2 giant cockroaches
  17 goblins
  10 hobgoblins
  3 jackals (D:1)
  A quokka (D:2)
  2 ball pythons (D:2)
  3 bats
  5 frilled lizards
  7 kobolds
  2 rats (D:2)
75 creatures vanquished.

Notes
Turn   | Place    | Note
-------+----------+-------------------------------------------
     0 | Abyss:1  | mortelune the Demonspawn Abyssal Knight began the quest for the Orb.
     0 | Abyss:1  | Reached XP level 1. HP: 18/18 MP: 2/2
    24 | D:1      | Escaped the Abyss
   298 | D:1      | Gained mutation: You are immune to rotting. [demonic ancestry]
   298 | D:1      | Reached XP level 2. HP: 22/24 MP: 3/3
   909 | D:1      | Reached ** piety under Lugonu
  1322 | D:1      | Reached XP level 3. HP: 29/29 MP: 4/4
  1928 | D:1      | HP: 2/43 [poisoned by an adder]
  1934 | D:1      | Gained mutation: You have an increased reservoir of magic. (+10% MP) [potion of mutation]
  1934 | D:1      | Gained mutation: You have a pair of small horns on your head. [potion of mutation]
  2470 | D:2      | Gained mutation: You may emit foul miasma when damaged in melee. [demonic ancestry]
  2470 | D:2      | Reached XP level 4. HP: 26/35 MP: 6/6
  3123 | D:3      | Noticed a centaur
  3172 | D:3      | Noticed anet's ghost (amateur DEWz)
  3193 | D:3      | Killed anet's ghost
  3193 | D:3      | Gained mutation: You are partially covered in yellow scales. (AC +2) [demonic ancestry]
  3193 | D:3      | Reached XP level 5. HP: 16/42 MP: 8/8
  3807 | D:3      | Found a snail-covered altar of Cheibriados.
  4045 | D:3      | Killed a centaur
  4045 | D:3      | Reached XP level 6. HP: 27/48 MP: 9/9
  4232 | D:3      | Found a stormy altar of Qazlal.
  4242 | D:3      | Found a hide-covered altar of Uskayaw.
  4801 | D:4      | Found a shimmering altar of Xom.
  4801 | D:4      | Found a burning altar of Makhleb.
  4835 | D:4      | Found a sparkling altar of Nemelex Xobeh.
  5077 | D:4      | Slain by an ogre

Vault maps used:
D:1:      evilmike_arrival_crescent, serial_co_window_serial,
          co_window_of_opportunity_a, co_window_paths_a, co_window_paths_a,
          co_window_cross_1, co_window_paths_a, co_window_corner_b,
          co_window_2corner, co_window_unsneaky_path_c, co_window_broadway_b,
          co_window_2corner, co_window_2corner, co_window_4corner_b,
          glass_columns_a, glass_columns_a
D:3:      kennysheep_slug_shrine, nicolae_overflow_hidden_temple,
          amethyst_overflow_temple_binary, minmay_goblin_kobold_house
D:4:      grunt_temple_overflow_champion_of_chaos,
          nemelex_xobeh_ov_fountains_minmay, first_ration, uniq_ijyb,
          uniq_sigmund

Skill      XL: |  1  2  3  4  5 |
---------------+----------------+-----
Maces & Flails | 2 3 4 |  4.2
Armour         | 2 3 |  3.2
Invocations    | 3 4 |  4.1
Fighting       | 4 |  4.2
Dodging        | |  0.8

Action                   |  1- 3 |  4- 6 || total
-------------------------+-------+-------++-------
Melee: Mace              |   124 |    36 ||   160
       Headbutt          |     2 |    19 ||    21
       Flail             |       |   140 ||   140
       Unarmed           |       |     6 ||     6
  Use: Potion            |     4 |     1 ||     5
       Scroll            |       |     2 ||     2
  Eat: Chunk             |     1 |     8 ||     9
       Ration            |     1 |       ||     1
Armor: Leather armour    |    17 |       ||    17
       Chain mail        |    44 |   107 ||   151
Dodge: Dodged            |    72 |    62 ||   134

Table legend:
 A = Spawn XP
 B = Non-spawn XP
 C = Spawn XP percentage of total XP
 D = Spawn monster count
 E = Non-spawn monster count
 F = Spawn count percentage of total count
 G = Total turns spent on level
                    A         B        C        D         E        F      G
               +---------+---------+-------+---------+---------+-------+---------
         Total |       0 |     509 |   0.0 |       0 |      75 |   0.0 |  5077
               +---------+---------+-------+---------+---------+-------+---------
           D:1 |       0 |      82 |   0.0 |       0 |      30 |   0.0 |  2376
           D:2 |       0 |      71 |   0.0 |       0 |      16 |   0.0 |   764
           D:3 |       0 |     336 |   0.0 |       0 |      27 |   0.0 |  1733
           D:4 |       0 |      20 |   0.0 |       0 |       2 |   0.0 |   180
               +---------+---------+-------+---------+---------+-------+---------
